 Dungeon Crawl Stone Soup version 0.23.2-1-ga50397a6bc (webtiles) character file.

Game seed: 4940130585119068868

392 Foic the Magician (level 6, -5/41 HPs)
             Began as a Mummy Necromancer on May 15, 2019.
             Was an Initiate of Sif Muna.
             Slain by a phantom (6 damage)
             ... on level 4 of the Dungeon.
             The game lasted 00:21:33 (5174 turns).

Foic the Magician (Mummy Necromancer)               Turns: 5174, Time: 00:21:34

Health: -5/41      AC:  7    Str: 11    XL:     6   Next: 51%
Magic:  15/15      EV: 11    Int: 16    God:    Sif Muna [......]
Gold:   164        SH:  0    Dex: 13    Spells: 9/18 levels left

rFire    x . .     SeeInvis .   g - +0 quarterstaff
rCold    + . .     Gourm    .   (shield currently unavailable)
rNeg     + + +     Faith    .   d - +0 leather armour
rPois    ∞         Spirit   .   h - +2 helmet
rElec    .         Reflect  .   e - +0 cloak
rCorr    .         Harm     .   (no gloves)
MR       .....                  (no boots)
Stlth    ++........             (no amulet)
HPRegen  0.13/turn              (no ring)
MPRegen  0.14/turn              (no ring)

@: no status effects
A: no food or potions, fire vulnerability, cold resistance 1, negative energy
resistance 3, torment resistance, unbreathing
a: Renounce Religion


You were on level 4 of the Dungeon.
You worshipped Sif Muna.
Sif Muna was noncommittal.
You were not hungry.

You visited 1 branch of the dungeon, and saw 4 of its levels.

You collected 164 gold pieces.

Inventory:

Hand Weapons
 g - a +0 quarterstaff (weapon)
Armour
 a - a +0 robe
 c - the +9 chain mail of Pathos {rCorr Str+4, unknown}
   (You found it on level 4 of the Dungeon)

   It affects your strength (+4).
   It provides partial protection from all sources of acid and corrosion.
 d - a +0 leather armour (worn)
 e - a +0 cloak (worn)
 h - a +2 helmet (worn)
Scrolls
 b - 2 scrolls of identify
 f - 4 scrolls of remove curse {unknown}


   Skills:
 + Level 0.7 Armour
 + Level 1.6 Dodging
 + Level 1.6 Stealth
 * Level 6.8 Spellcasting
 + Level 5.6 Necromancy


You had 9 spell levels left.
You knew the following spells:

 Your Spells              Type           Power        Failure   Level  Hunger
a - Pain                  Necr           ###.         1%          1    N/A
b - Animate Skeleton      Necr           N/A          1%          1    N/A
c - Vampiric Draining     Necr           ###.......   4%          3    N/A
d - Animate Dead          Necr           N/A          16%         4    N/A

Your spell library contained the following spells:

 Spells                   Type           Power        Failure   Level  Hunger
 Regeneration             Chrm/Necr      Unusable     N/A         3    N/A

Dungeon Overview and Level Annotations

Branches:
Dungeon (4/15)
 Temple: D:4-7

Altars:
Fedhas
Kikubaaqudgha
Okawaru
Qazlal
Sif Muna
The Shining One


Innate Abilities, Weirdness & Mutations

You do not eat or drink.
Your flesh is vulnerable to fire.
You are immune to poison.
Your flesh is cold resistant. (rC+)
You are immune to negative energy. (rN+++)
You are immune to unholy pain and torment.
You can survive without breathing.


Message History

The phantom hits you!
The phantom blinks!
The phantom hits you but does no damage.
You hit the phantom.
The phantom is heavily damaged.
The phantom hits you.
You barely miss the phantom.
The phantom is heavily damaged.
The phantom hits you. The phantom hits you!
* * * LOW HITPOINT WARNING * * *
An ogre comes into view. It is wielding a +0 giant spiked club.
The ogre shouts!
The phantom hits you.
* * * LOW HITPOINT WARNING * * *
The phantom blinks!
The phantom hits you.
* * * LOW HITPOINT WARNING * * *
You completely miss the phantom.
The phantom is heavily damaged.
The ogre closely misses you. The phantom hits you.
You die...

#..!.########
#####.......#
#.......###.#
#..##...#
#..##.###
###.###..##.#
.........##.#
##.###..##.#
#.W@O..##.#
#.###..##.#
##<###..##.#
#..........#
.##..###..####
...........#
.##.>###...#
#.. #...#
.##..###...#


You could see a phantom and an ogre.

Vanquished Creatures
  An ogre (D:4)
  A scorpion (D:4)
  An iguana (D:3)
  A worker ant (D:4)
  3 adders
  5 gnolls
  3 worms
  3 dart slugs
  8 leopard geckos
  3 orcs
  4 giant cockroaches
  9 goblins
  2 hobgoblins (D:1)
  5 jackals
  2 quokkas
  A ball python (D:1)
  10 bats
  4 frilled lizards
  9 kobolds
  7 rats
82 creatures vanquished.

Vanquished Creatures (collateral kills)
  A bullfrog skeleton (D:4)
  A centaur skeleton (D:4)
  An ooze (D:1)
  A bat (D:1)
  A giant cockroach (D:3)
  2 goblins (D:1)
  A rat (D:1)
8 creatures vanquished.

Grand Total: 90 creatures vanquished

Notes
Turn   | Place    | Note
-------+----------+-------------------------------------------
     0 | D:1      | Foic the Mummy Necromancer began the quest for the Orb.
     0 | D:1      | Reached XP level 1. HP: 13/13 MP: 4/4
     2 | D:1      | Learned a level 1 spell: Animate Skeleton
   144 | D:1      | Found a glowing golden altar of the Shining One.
   331 | D:1      | Reached XP level 2. HP: 19/19 MP: 3/5
   422 | D:1      | Reached skill level 3 in Spellcasting
  1006 | D:1      | Reached XP level 3. HP: 24/24 MP: 4/8
  1011 | D:1      | Learned a level 3 spell: Vampiric Draining
  1449 | D:1      | Reached skill level 4 in Spellcasting
  1994 | D:2      | Found a stormy altar of Qazlal.
  2050 | D:2      | Reached XP level 4. HP: 29/30 MP: 3/10
  2897 | D:3      | Reached skill level 5 in Necromancy
  3177 | D:3      | Reached skill level 5 in Spellcasting
  3399 | D:3      | Reached XP level 5. HP: 35/35 MP: 5/12
  3948 | D:3      | Found a deep blue altar of Sif Muna.
  3948 | D:3      | Found a blossoming altar of Fedhas.
  3953 | D:3      | Found an iron altar of Okawaru.
  3956 | D:3      | Became a worshipper of Sif Muna the Loreminder
  4178 | D:3      | Learned a level 4 spell: Animate Dead
  4492 | D:4      | Noticed an ogre
  4499 | D:4      | Killed an ogre
  4499 | D:4      | Reached skill level 6 in Spellcasting
  4499 | D:4      | Reached XP level 6. HP: 41/41 MP: 6/15
  4674 | D:4      | Got a faintly glowing chain mail
  5123 | D:4      | Found an ancient bone altar of Kikubaaqudgha.
  5173 | D:4      | HP: 1/41 [phantom (6)]
  5174 | D:4      | Slain by a phantom

Skill      XL: |  1  2  3  4  5 |
---------------+----------------+-----
Spellcasting   | 3 4 5 6 |  6.8
Necromancy     | 5 |  5.6
Armour         | |  0.7
Dodging        | |  1.6
Stealth        | |  1.6

Action                   |  1- 3 |  4- 6 || total
-------------------------+-------+-------++-------
Melee: Quarterstaff      |       |    19 ||    19
 Cast: Pain              |    77 |   108 ||   185
       Animate Skeleton  |    20 |    19 ||    39
       Vampiric Draining |     1 |     5 ||     6
       Animate Dead      |       |     6 ||     6
  Use: Scroll            |       |     1 ||     1
Armor: Robe              |     2 |       ||     2
       Leather armour    |       |    10 ||    10
Dodge: Dodged            |    14 |    21 ||    35
